 Dungeon Crawl Stone Soup version 0.31.0-32-g396128a36d (webtiles) character file.

Game seed: 17594060564051629304

35 trashops the Trooper (level 3, -2/34 HPs)
             Began as a Hill Orc Fighter on Apr 11, 2024.
             Slain by Terence
             ... wielding a +0 flail
              (7 damage)
             ... on level 2 of the Dungeon.
             The game lasted 00:01:57 (838 turns).

trashops the Trooper (Hill Orc Fighter)              Turns: 838, Time: 00:01:59

Health: -2/34      AC: 11    Str: 17 (20) XL:     3   Next: 35%
Magic:  3/3        EV:  9    Int:  6 (8)  God:
Gold:   62         SH:  4    Dex:  7 (10) Spells: 2/2 levels left

rFire   . . .        a - +0 war axe
rCold   . . .        c - +0 buckler
rNeg    . . .        b - +0 scale mail
rPois   .            (no helmet)
rElec   .            (no cloak)
rCorr   .            (no gloves)
SInv    .            g - +3 pair of seven-league boots {Rampage+∞}
Will    .....        (no amulet) Stlth
                     (no ring)
HPRegen 0.25/turn    (no ring)
MPRegen 0.08/turn

%: rampage+∞
@: mighty
A: no striking features
a: no special abilities


You were on level 2 of the Dungeon.
You visited 1 branch of the dungeon, and saw 2 of its levels.

You collected 62 gold pieces.

Inventory:

Hand Weapons
 a - a +0 war axe (weapon)
Armour
 b - a +0 scale mail (worn)
 c - a +0 buckler (worn)
 g - the +3 pair of seven-league boots (worn) {Rampage+∞}
   (You acquired it on level 1 of the Dungeon)

   Rampage+∞: When moving toward enemies, its wearer moves as far as possible,
   alerting their target en route.
Potions
 h - a potion of degeneration


   Skills:
 * Level 4.3 Fighting
 * Level 3.4 Axes
 * Level 3.6 Armour
 + Level 3.5 Shields


You had 2 spell levels left.
You didn't know any spells.
Your spell library was empty.

Dungeon Overview and Level Annotations

Branches:
Dungeon (2/15)

Altars:

Annotations:
D:2 Terence


Message History

The ball python bites you but does no damage.
The ball python constricts you. Terence barely misses you.
You barely miss Terence. You barely miss the ball python.
The ball python bites you but does no damage.
The ball python constricts you. You block Terence's attack.
The ball python closely misses you. The ball python constricts you.
You barely miss Terence. You hit the ball python.
You kill the ball python!
Terence hits you with a +0 flail! Terence misses you.
You hit Terence.
Terence is lightly wounded.
Terence hits you but does no damage.
You hit Terence but do no damage.
Terence is lightly wounded.
Terence hits you with a +0 flail. Terence barely misses you.
You hit Terence.
Terence is moderately wounded.
Terence hits you with a +0 flail.
You slash Terence!
Terence is severely wounded.
Terence barely misses you.
You hit Terence but do no damage.
Terence is severely wounded.
Terence hits you but does no damage. Terence closely misses you.
You hit Terence but do no damage.
Terence is severely wounded.
Terence hits you with a +0 flail!
* * * LOW HITPOINT WARNING * * *
You barely miss Terence.
Terence is severely wounded.
Terence completely misses you.
You feel very mighty all of a sudden. Terence closely misses you.
You closely miss Terence.
Terence is severely wounded.
Terence hits you with a +0 flail.
* * * LOW HITPOINT WARNING * * *
Terence hits you with a +0 flail!
You die...
Terence says, "Rest in peace."

.. #.## #.# ...
##.##.###.## ....
#... ......#
?...###..# ##...#
.........##.##.<.#
#.⌠....##.##.#.#
#....$........##
####...####..#
#...@.......##
#...@..####.#
#.#..†## #.#
#.##... ..# #
##... ..#
#.#####.. ... #.#
... ... ..


You could see Terence.

Vanquished Creatures
  3 bats (D:1)
  2 endoplasms
  A giant cockroach (D:1)
  4 goblins (D:1)
  3 hobgoblins
  3 jackals (D:1)
  2 ball pythons
  5 frilled lizards (D:1)
  6 kobolds (D:1)
  4 rats (D:1)
33 creatures vanquished.

Notes
Turn   | Place    | Note
-------+----------+-------------------------------------------
     0 | D:1      | trashops the Hill Orc Fighter began the quest for the Orb.
     0 | D:1      | Reached XP level 1. HP: 19/19 MP: 1/1
    83 | D:1      | Reached skill level 4 in Fighting
    83 | D:1      | Reached XP level 2. HP: 27/27 MP: 2/2
   438 | D:1      | Reached XP level 3. HP: 32/33 MP: 3/3
   726 | D:1      | Identified a scroll of acquirement
   726 | D:1      | Acquired the +3 pair of seven-league boots {Rampage+∞}
   726 | D:1      | Found the +3 pair of seven-league boots {Rampage+∞}
   820 | D:2      | Noticed Terence
   838 | D:2      | Slain by Terence

Illustrated notes

Levels and vault maps discovered:
D:1:      dpeg_arrival_fog, layout_loops_ring
D:2:      layout_loops_ring, dreamdust_ecumenical_altar_hidden_monk_grotto,
          nicolae_elevator_lobby_asterisk, uniq_terence

Skill      XL: |  1  2 |
---------------+-------+-----
Fighting       | 4 |  4.3
Axes           | 3 |  3.4
Armour         | |  3.6
Shields        | |  3.5

Action                     || total
---------------------------++-------
  Melee: War axe           ||   103
    Use: Potion            ||     6
         Scroll            ||     4
 Armour: Scale mail        ||    75
  Dodge: Dodged            ||    56
  Block: Buckler           ||    23
